 Dungeon Crawl Stone Soup version 0.28-a0-724-g66f9036eb4 (webtiles) character file.

Game seed: 16749302273424095903

179 Grim the Insei (level 5, -9/33 HPs)
             Began as an Octopode Transmuter on Oct 26, 2021.
             Mangled by an ogre (24 damage)
             ... on level 4 of the Dungeon.
             The game lasted 00:04:43 (4840 turns).

Grim the Insei (Octopode Transmuter)                Turns: 4840, Time: 00:04:43

Health: -9/33      AC:  1    Str:  9    XL:     5   Next: 59%
Magic:  7/8        EV: 13    Int: 15    God:
Gold:   177        SH:  0    Dex: 14    Spells: 5/8 levels left

rFire   . . .      SeeInvis .     - Unarmed
rCold   . . .      Faith    .   (no shield)
rNeg    . . .      Spirit   .   (helmet currently unavailable)
rPois   .          Reflect  .   (no amulet)
rElec   .          Harm     .   (no ring)
rCorr   .          Rampage  .   (no ring)
Will    .....                   (no ring)
Stlth   ++........              (no ring)
HPRegen 0.11/turn               (no ring)
MPRegen 0.11/turn               (no ring)
                                (no ring)
                                (no ring)

@: appendages
A: tentacle spike 3, almost no armour, amphibious, 8 rings, camouflage 1,
gelatinous body 1, (nimble swimmer 1), tentacles
a: End Transformation


You were on level 4 of the Dungeon.
One of your tentacles had grown a beastly spike.
You visited 1 branch of the dungeon, and saw 4 of its levels.

You collected 177 gold pieces.

Inventory:

Missiles
 c - 5 silver boomerangs
Scrolls
 a - a scroll of torment {unknown}
 e - 2 scrolls of immolation {unknown}
Potions
 b - a potion of degeneration {unknown}
 d - a potion of lignification {unknown}
 f - 2 potions of cancellation {unknown}
 g - a potion of curing {unknown}
 h - a potion of brilliance {unknown}


   Skills:
 - Level 1.0 Fighting
 - Level 2.0 Dodging
 + Level 4.7 Unarmed Combat
 - Level 2.0 Spellcasting
 + Level 4.2 Transmutations


You had 5 spell levels left.
You knew the following spells:

 Your Spells              Type           Power      Damage    Failure   Level
a - Beastly Appendage     Tmut           28%        N/A       4%          1
b - Wereblood             Tmut           14%        N/A       6%          2

Your spell library contained the following spells:

 Spells                   Type           Power      Damage    Failure   Level
 Spider Form              Tmut/Pois      3%         N/A       28%         3
 Corpse Rot               Necr/Air       2%         N/A       32%         2
 Poisonous Vapours        Pois/Air       2%         N/A       32%         2
 Ice Form                 Ice/Tmut       7%         N/A       67%         4


Dungeon Overview and Level Annotations

Branches:
Dungeon (4/15)
 Temple: D:4-7

Altars:
Hepliaklqana
Kikubaaqudgha
Okawaru
Yredelemnul


Innate Abilities, Weirdness & Mutations

One of your tentacles has grown a beastly spike.
You cannot wear most types of armour.
You are amphibious.
You can wear up to eight rings at the same time.
Your skin changes colour to match your surroundings (Stealth+).
Your rubbery body absorbs attacks. (AC +1, EV +1)
((You are camouflaged near water. (Stealth+)))
You have tentacles for arms and can constrict up to eight enemies at once.


Message History

Your tentacle spike disappears.
A kobold comes into view. It is wielding a +0 club.
Casting: Beastly Appendage (safe; 4% risk of failure)
Confirm with . or Enter, or press ? or * to list all spells.
One of your tentacles grows a vicious spike.
The helpless orc fails to defend itself.
You tentacle-slap the orc. Your grab misses the orc.
You pierce the orc.
You kill the orc!
No target in view!
No target in view!
Your transformation is almost over.
Things that are here:
a +0 club; an orc corpse No target in view!
An ogre comes into view. It is wielding a +0 giant spiked club.
Found a stone staircase leading down.
The ogre shouts!
Your tentacle spike disappears.
Casting: Beastly Appendage (safe; 4% risk of failure)
Confirm with . or Enter, or press ? or * to list all spells.
One of your tentacles grows a vicious spike.
The ogre misses you.
You tentacle-slap the ogre. Your squeeze misses the ogre.
The ogre is lightly wounded.
The ogre hits you with a +0 giant spiked club!!
Ouch! That really hurt!
* * * LOW HITPOINT WARNING * * *
You are too injured to fight recklessly!
You barely miss the ogre.
You pierce the ogre.
Your tentacle-slap misses the ogre.
The ogre is moderately wounded.
The ogre barely misses you.
You closely miss the ogre.
The ogre is moderately wounded.
The kobold closely misses you.
You tentacle-slap the ogre.
You pierce the ogre.
The ogre is heavily wounded.
The ogre hits you with a +0 giant spiked club!!
Ouch! That really hurt!
You die...

..>... ... .. ..... ....
#### #. ##...##....
#...##.##..........
#.......#..........
#.......#..........
#.......#..........
#.......#..@O...#
#....#.K...#
#.)##.##...#
#######..#.⌠.#...#
#........##.## ..#
#.......#..#...####+####
#......................#
..
#......####....##......#
... #......#
#............# ....


You could see an ogre and a kobold.

Vanquished Creatures
  A hound (D:4)
  7 adders
  A worm (D:2)
  3 dart slugs
  5 orcs
  7 endoplasms
  4 giant cockroaches
  4 goblins
  4 hobgoblins
  5 jackals
  11 kobolds
  A quokka (D:4)
  5 ball pythons
  6 bats
  2 frilled lizards
  3 rats
69 creatures vanquished.

Notes
Turn   | Place    | Note
-------+----------+-------------------------------------------
     0 | D:1      | Grim the Octopode Transmuter began the quest for the Orb.
     0 | D:1      | Reached XP level 1. HP: 13/13 MP: 3/3
   186 | D:1      | Reached XP level 2. HP: 13/18 MP: 3/5
   672 | D:1      | Learned a level 2 spell: Wereblood
   725 | D:1      | Found a faded altar of an unknown god.
  1100 | D:2      | Reached XP level 3. HP: 4/23 MP: 4/6
  1101 | D:2      | HP: 1/23 [poisoned by an adder]
  1169 | D:2      | HP: 1/23 [poisoned by an adder]
  1608 | D:2      | HP: 1/23 [kobold (4)]
  1611 | D:2      | Reached XP level 4. HP: 2/28 MP: 5/7
  3387 | D:3      | Found a basalt altar of Yredelemnul.
  4188 | D:4      | Reached XP level 5. HP: 33/33 MP: 8/8
  4367 | D:4      | Found an iron altar of Okawaru.
  4370 | D:4      | Found a hazy altar of Hepliaklqana.
  4382 | D:4      | Found an ancient bone altar of Kikubaaqudgha.
  4833 | D:4      | Noticed an ogre
  4840 | D:4      | Mangled by an ogre

Illustrated notes

Levels and vault maps discovered:
D:1:      lemuel_arrival_cross, layout_rooms,
          shapermc_ecumenical_altar_totnotflames
D:2:      layout_basic, serial_corexii_hall, corexii_hall_statues_u,
          corexii_hall_statues_deadend, minmay_pentomino_u4
D:3:      layout_basic, mainiacjoe_overflow_24_doors
D:4:      layout_basic, mainiacjoe_overflow_alcove_2, tso_metal_star,
          grunt_temple_overflow_open, grunt_decor_one_mirror

Skill      XL: |  1  2  3  4  5 |
---------------+----------------+-----
Transmutations | 3 4 |  4.2
Unarmed Combat | 4 |  4.7
Fighting       | |  1.0
Dodging        | |  2.0
Spellcasting   | |  2.0

Action                   |  1- 3 |  4- 6 || total
-------------------------+-------+-------++-------
Melee: Unarmed           |    66 |   107 ||   173
       Kick              |     8 |    25 ||    33
       Constrict         |    12 |    25 ||    37
       Tentacles         |    10 |    16 ||    26
       Punch             |       |     1 ||     1
 Cast: Beastly Appendage |     9 |    21 ||    30
       Wereblood         |     1 |     2 ||     3
  Use: Potion            |     3 |       ||     3
 Stab: Sleeping          |     4 |     8 ||    12
       Distracted        |       |     1 ||     1
Armor: Skin              |     7 |     4 ||    11
Dodge: Dodged            |    39 |    55 ||    94

Table legend: (Time is in decaauts)
 A = Elapsed time spent in this place.
 B = Non-inter-level travel time spent in this place.
 C = Inter-level travel time spent in this place.
 D = Time resting spent in this place.
 E = Time spent auto-exploring this place.
 F = Levels seen in this place.
 G = Mean time per level.
                   A        B        C        D        E       F      G
               +--------+--------+--------+--------+--------+-----+--------+
         Total |   4826 |   4771 |     55 |   1910 |   2357 |   4 | 1206.5 |
       Dungeon |   4826 |   4771 |     55 |   1910 |   2357 |   4 | 1206.5 |
               +--------+--------+--------+--------+--------+-----+--------+

Top non-repeatable levels by time:
     D:2: 2079 daAuts
     D:1: 1086 daAuts
     D:3: 1005 daAuts
     D:4: 655 daAuts
